 Dungeon Crawl Stone Soup version 0.24.0-1-gfbc8707122 (webtiles) character file.

Game seed: 1745660736172003801, levelgen mode: deterministic

20721 Iskender the Nimble (level 12, -2/56 HPs)
             Began as an Octopode Chaos Knight on Oct 25, 2019.
             Was a Plaything of Xom.
             Slain by a thrashing horror (16 damage)
             ... on level 3 of the Abyss on Oct 26, 2019.
             The game lasted 02:56:01 (18269 turns).

Iskender the Nimble (Octopode Chaos Knight)        Turns: 18269, Time: 02:56:02

Health: -2/56      AC:  1    Str: 12      XL:     12   Next: 82%
Magic:  7/13       EV: 19    Int: 18 (19) God:    Xom [....*.]
Gold:   729        SH:  6    Dex: 11      Spells: 11/21 levels left

rFire    . . .     SeeInvis .   a - +4 spear
rCold    + . .     Gourm    .   N - +2 buckler
rNeg     + . .     Faith    .   (helmet restricted)
rPois    .         Spirit   .   (no amulet)
rElec    .         Reflect  .   x - ring of stealth
rCorr    .         Harm     .   F - ring of positive energy
MR       .....     Clarity  +   (no ring)
Stlth    ++++++....             (no ring)
HPRegen  0.00/turn              (no ring)
MPRegen  0.13/turn              (no ring)
                                (no ring)
                                (no ring)

@: about to teleport, very slightly contaminated
A: almost no armour, stealthy swim, amphibious, 8 rings, constrict 8, antennae
2, camouflage 1, [berserk 2], blurry vision 1, clarity, clever 2, [clumsy 2],
cold resistance 1, deterioration 1, [frail 3], low mp 1[+2], [inhibited
regeneration], gelatinous body 1, [no potion heal 2], [subdued magic 2],
MP-powered wands
a: Renounce Religion


You were on level 3 of the Abyss.
You worshipped Xom.
You were a beloved toy of Xom.
You were full.

You visited 3 branches of the dungeon, and saw 16 of its levels.
You visited the Abyss 1 time.

You collected 849 gold pieces.
You spent 120 gold pieces at shops.

Inventory:

Hand Weapons
 a - a +4 spear (weapon)
 y - a +2 war axe of freezing
 D - a +2 hand axe of flaming
Missiles
 v - 33 poisoned darts (quivered)
 z - 21 boomerangs
 J - 2 throwing nets
Armour
 N - a +2 buckler (worn)
Magical Staves
 b - an uncursed staff of conjuration
 u - an uncursed staff of death
 M - an uncursed staff of poison
 V - an uncursed staff of air
 W - an uncursed staff of wizardry
Jewellery
 x - a ring of stealth (left tentacle)
 F - a ring of positive energy (right tentacle)
Wands
 h - a wand of acid (11)
 j - a wand of flame (48)
 k - a wand of polymorph (1)
 L - a wand of paralysis (1)
Scrolls
 d - 4 scrolls of blinking
 e - 3 scrolls of enchant armour
 f - a scroll of amnesia
 l - 6 scrolls of remove curse
 n - a scroll of vulnerability {unknown}
 o - a scroll of teleportation
 p - a scroll of summoning {unknown}
 q - 2 scrolls of fear
 C - a scroll of identify
 G - a scroll of immolation
 H - a scroll of enchant weapon
 P - 2 scrolls of torment
 Q - 2 scrolls of fog
 R - a scroll of noise
 S - a scroll of magic mapping {unknown}
Potions
 g - a potion of cancellation
 i - 2 potions of brilliance
 m - 2 potions of curing
 t - 5 potions of flight
 I - a potion of haste
 O - a potion of berserk rage {unknown}
 U - 2 potions of mutation {unknown}
 X - a potion of magic {unknown}
Miscellaneous
 c - a box of beasts
Comestibles
 w - 26 rations


   Skills:
 - Level 7.0 Fighting
 - Level 8.4 Polearms
 - Level 11.3 Dodging
 + Level 9.0 Stealth
 - Level 4.0 Shields
 - Level 5.0 Spellcasting
 - Level 11.0 Conjurations
 - Level 1.2 Summonings
 - Level 1.2 Necromancy
 - Level 1.2 Translocations


You had 11 spell levels left.
You knew the following spells:

 Your Spells              Type           Power        Failure   Level  Hunger
a - Magic Dart            Conj           ####         1%          1    None
b - Iskenderun's Mystic   Conj           ####....     1%          4    ####...
n - Animate Skeleton      Necr           N/A          5%          1    None
A - Apportation           Tloc           #.....       4%          1    None
X - Searing Ray           Conj           ####..       1%          2    #......
Z - Summon Small Mammal   Summ           #...         4%          1    None

Your spell library contained the following spells:

 Spells                   Type           Power        Failure   Level  Hunger
 Dazzling Spray           Conj/Hex       ###...       2%          3    ##.....
 Force Lance              Conj/Tloc      ###.....     7%          4    ####...
 Confusing Touch          Hex            #.....       9%          1    None
 Fulminant Prism          Conj/Hex       ###.......   10%         4    ####...
 Irradiate                Conj/Tmut      ###.......   28%         5    ######.
 Hydra Form               Tmut           #.........   100%        6    #######
 Statue Form              Tmut/Erth      #........    100%        6    #######
 Dragon Form              Tmut           #.........   100%        7    #######


Dungeon Overview and Level Annotations

Branches:
Dungeon (12/15)            Temple (1/1) D:6            Lair (3/6) D:9
 Shoals (0/4) Lair:3          Orc (0/2) D:9
  Snake: Lair:2-4    Spider: Lair:2-4

Altars:
Ashenzari
Cheibriados
Dithmenos
Elyvilon
Fedhas
Gozag
Hepliaklqana
Kikubaaqudgha
Makhleb
Nemelex Xobeh
Okawaru
Qazlal
Ru
Sif Muna
Trog
Uskayaw
Vehumet
Wu Jian
Xom
Yredelemnul
Zin
The Shining One

Shops:
D:5 %   D:10 =[=?(

Annotations:
D:5 1 runed translucent door, Mrkan's ghost, novice GrFi
D:8 Joseph
D:10 3 runed translucent doors, Iskender's ghost, novice OpCK
D:12 exclusion: cyclops


Innate Abilities, Weirdness & Mutations

You cannot wear most types of armour.
You are very stealthy in the water. (Stealth+)
You are amphibious.
You can wear up to eight rings at the same time.
You can use your tentacles to constrict eight enemies at once.
Your skin changes colour to match your surroundings (Stealth+).
Your rubbery body absorbs attacks. (AC +1, EV +1)
You have a pair of antennae on your head.
Scrolls take you a little longer to read.
You possess an exceptional clarity of mind.
Your mind is very acute. (Int +4)
Your flesh is cold resistant. (rC+)
Your body sometimes deteriorates upon taking damage.
You expend magic power (3 MP) to strengthen your wands.
[You often lose your temper in combat.]
[You are very clumsy. (Dex -4)]
[You are extremely frail. (-30% HP)]
[Your magical capacity is extremely low. (-30% MP)]
[You do not regenerate when monsters are visible.]
[Potions are poor at restoring your health.]
[Your spells are easier to cast, but less powerful.]


Message History

Really read with blurry vision while enemies are nearby?
You begin reading the scroll.
You continue reading the scroll.
The thrashing horror completely misses you.
The thrashing horror closely misses you.
Blink to where?
Press: ? - help, Dir - move target cursor You are very lightly contaminated with residual magic.
As you read the scroll of blinking, it crumbles to dust.
A centaur comes into view.
You block the thrashing horror's attack.
The thrashing horror completely misses you.
Xom grants you an implement of some kind.
Something appears before you!
You block the thrashing horror's attack.
The thrashing horror tramples you.
* * * LOW HITPOINT WARNING * * *
You stumble backwards!
The thrashing horror tramples you!
You die...
Xom cackles wildly!

## ## { #. .##
.. ##.#
##.###..#####
#..#...#.#..##
#..#.#...#...#
#.#.%..#......#
#@X#..#...## .
# #######..
X###.# #
.#..#.. #.#
#.##..#.. #.#
.#...#. ##.#.
.# #...ยง.#..
##.##X..#
#.#.{##.. #
#{X...#


You could see a thrashing horror.

Vanquished Creatures
  A hydra (Lair:2)
  A two-headed ogre (D:11)
  A wretched star (Abyss:3)
  Pikel (D:6)
  A salamander (Lair:2)
  A frost giant skeleton (Abyss:3)
  A spiny frog (Lair:1)
  An orange demon (Abyss:3)
  A rime drake (D:10)
  A red draconian zombie (Abyss:3)
  A hellwing (Abyss:3)
  An ancient zyme (Abyss:3)
  2 trolls (D:10)
  5 blink frogs
  2 hippogriffs (Lair:2)
  A vampire (Abyss:3)
  3 large abominations (Abyss:3)
  A wyvern (Lair:2)
  A basilisk (Lair:1)
  29 yaks
  A hungry ghost (D:10)
  Edmund (D:6)
  4 water moccasins
  2 porcupines
  5 orc warriors
  3 ice beasts
  2 sky beasts
  2 phantoms
  A black bear (D:10)
  4 ogres
  A tengu (D:7)
  7 wolves
  2 centaurs (D:6)
  4 crocodiles
  A big kobold (D:9)
  6 bullfrogs
  A scorpion (D:9)
  8 killer bees
  5 howler monkeys
  8 crimson imps
  2 bullfrog zombies
  A centaur zombie (D:7)
  A bullfrog skeleton (D:11)
  6 hounds
  7 orc priests
  Crazy Yiuf (D:6)
  4 jellies
  A centaur skeleton (D:10)
  An iguana (D:8)
  11 orc wizards
  7 worker ants
  A killer bee zombie (D:8)
  2 hound skeletons
  A hound zombie (D:9)
  A worker ant zombie (D:10)
  10 gnolls
  8 adders
  2 oozes
  An adder skeleton (D:7)
  5 worms
  3 dart slugs
  3 leopard geckos
  56 orcs
  A ball python (D:1)
  9 giant cockroaches
  9 goblins
  8 hobgoblins
  6 jackals
  4 quokkas
  8 bats
  6 frilled lizards
  14 kobolds
  A leopard gecko skeleton (D:4)
  7 rats
332 creatures vanquished.

Vanquished Creatures (collateral kills)
  A death yak (D:9)
  2 black mambas
  A spiny frog (Lair:1)
  2 komodo dragons (Lair:1)
  8 blink frogs
  6 yaks
  A tarantella (Lair:1)
  Grum (Lair:1)
  An ogre (D:7)
  4 wolves
  A bullfrog (Lair:1)
  2 killer bees (D:10)
  A bullfrog zombie (D:10)
  2 orc priests (D:9)
  An orc wizard (D:8)
  An iguana (D:7)
  An orc (D:9)
  A fungus (Lair:3)
37 creatures vanquished.

Vanquished Creatures (others)
  A water moccasin (Lair:3)
  A slave (D:6)
  An orc (D:6)
  2 giant cockroaches (D:6)
  9 fungi
  A plant (Lair:1)
  4 toadstools (D:1)
19 creatures vanquished.

Grand Total: 388 creatures vanquished

Notes
Turn   | Place    | Note
-------+----------+-------------------------------------------
     0 | D:1      | Iskender the Octopode Chaos Knight began the quest for the
                  | Orb.
     0 | D:1      | Reached XP level 1. HP: 16/16 MP: 1/1
    15 | D:1      | Reached skill level 1 in Stealth
    22 | D:1      | Reached XP level 2. HP: 19/21 MP: 2/2
    66 | D:1      | XOM: divination: detect creatures
   224 | D:1      | Reached XP level 3. HP: 26/26 MP: 3/3
   730 | D:2      | XOM: divination: magic mapping
  1129 | D:2      | XOM is BORED!
  1129 | D:2      | XOM: summons 1 hostile demon
  1376 | D:2      | Found a bloodstained altar of Trog.
  1719 | D:3      | Reached XP level 4. HP: 31/31 MP: 4/4
  1724 | D:3      | Reached skill level 1 in Shields
  1732 | D:3      | XOM: 1-stop teleportation journey
  1994 | D:3      | XOM: divination: detect creatures
  2364 | D:3      | Reached XP level 5. HP: 30/36 MP: 5/5
  2398 | D:3      | XOM: 1-stop teleportation journey
  2639 | D:3      | XOM: give mutations
  2639 | D:3      | Gained mutation: [Your magical capacity is low. (-10% MP)]
                  | [Xom's mischief]
  2639 | D:3      | Gained mutation: Your body sometimes deteriorates upon
                  | taking damage. [Xom's mischief]
  2776 | D:3      | XOM: give mutations
  2776 | D:3      | Gained mutation: You possess an exceptional clarity of
                  | mind. [Xom's grace]
  2776 | D:3      | Gained mutation: You have supernaturally acute eyesight.
                  | (SInv) [Xom's grace]
  2776 | D:3      | Gained mutation: Your flesh is cold resistant. (rC+) [Xom's
                  | grace]
  3148 | D:4      | You fall into a shaft and drop 1 floor!
  3148 | D:5      | Entered Level 5 of the Dungeon
  3333 | D:4      | XOM: 3-stop teleportation journey
  3560 | D:5      | XOM: scenery: 1 doors open, 1 doors close
  3566 | D:4      | Reached XP level 6. HP: 10/42 MP: 5/5
  4092 | D:5      | XOM: god gift: scroll of teleportation
  4108 | D:5      | XOM: mild Necr miscast
  4540 | D:5      | Found Umigem's Food Shoppe.
  4615 | D:5      | Found a runed translucent door.
  4615 | D:5      | Noticed Mrkan's ghost (novice GrFi)
  4690 | D:6      | XOM: potion effect (might)
  4697 | D:6      | Noticed Edmund
  4701 | D:6      | XOM: noise
  4709 | D:6      | XOM: butterfly on damage
  4711 | D:6      | Killed Edmund
  4711 | D:6      | Reached skill level 5 in Dodging
  4711 | D:6      | Reached XP level 7. HP: 14/46 MP: 6/6
  5109 | D:6      | Noticed Pikel
  5241 | D:6      | Found a runed translucent door.
  5242 | D:6      | Noticed Crazy Yiuf
  5253 | D:6      | Killed Crazy Yiuf
  5419 | D:6      | XOM: confuse monster(s)
  5420 | D:6      | Killed Pikel
  5420 | D:6      | Reached XP level 8. HP: 50/52 MP: 7/7
  5460 | D:6      | XOM: 2-stop teleportation journey
  5554 | D:6      | Found a staircase to the Ecumenical Temple.
  5554 | D:6      | XOM: 6-stop teleportation journey
  5566 | Temple   | Entered the Ecumenical Temple
  5615 | D:6      | Found a shimmering blue altar of Sif Muna.
  5624 | D:6      | Found a burning altar of Makhleb.
  5697 | D:6      | Learned a level 1 spell: Animate Skeleton
  5704 | D:6      | Learned a level 1 spell: Summon Small Mammal
  5706 | D:6      | Learned a level 1 spell: Apportation
  5724 | D:6      | XOM: butterfly on damage
  5731 | D:6      | Reached skill level 1 in Spellcasting
  5815 | D:6      | XOM: scenery: create altars
  6055 | D:7      | XOM: polymorph bullfrog -> tengu
  6083 | D:7      | Reached skill level 1 in Summonings
  6083 | D:7      | Reached skill level 1 in Necromancy
  6083 | D:7      | Reached skill level 1 in Translocations
  6177 | D:7      | Reached XP level 9. HP: 56/56 MP: 10/10
  6501 | D:7      | Found Zin's Purification Station.
  6503 | D:7      | Found a glowing silver altar of Zin.
  6728 | D:7      | Reached skill level 10 in Dodging
  6786 | D:7      | XOM: harmless Tloc miscast
  6830 | D:7      | XOM: harmless Ice miscast
  7073 | D:8      | XOM: harmless Necr miscast
  7224 | D:4      | XOM: cloud trail
  7270 | D:5      | XOM: divination: detect items
  7471 | D:5      | XOM: mild Pois miscast
  7477 | D:5      | XOM: harmless Ice miscast
  7934 | D:8      | XOM: enchant monster (good)
  7944 | D:8      | XOM: polymorph orc wizard -> ooze
  8022 | D:7      | Reached skill level 5 in Polearms
  8261 | D:8      | Noticed Joseph
  8289 | D:8      | XOM: cast spell 'Shadow Creatures'
  8293 | D:8      | XOM: confuse monster(s)
  8318 | D:8      | XOM: give mutations
  8318 | D:8      | Gained mutation: You have a pair of small antennae on your
                  | head. [Xom's grace]
  8318 | D:8      | Gained mutation: You have a pair of antennae on your head.
                  | [Xom's grace]
  8318 | D:8      | Gained mutation: Your mind is acute. (Int +2) [Xom's grace]
  8318 | D:8      | Gained mutation: You expend magic power (3 MP) to
                  | strengthen your wands. [Xom's grace]
  8320 | D:8      | XOM: harmless Ice miscast
  8438 | D:8      | XOM: 1-stop teleportation journey
  8508 | D:8      | XOM: mild Necr miscast
  8969 | D:8      | XOM is BORED!
  8969 | D:8      | XOM: give mutation
  8969 | D:8      | Lost mutation: You expend magic power (3 MP) to strengthen
                  | your wands. [Xom's mischief]
  8994 | D:9      | XOM: noise
  9020 | D:9      | XOM: noise
  9028 | D:9      | XOM: draining
  9030 | D:9      | Noticed a death yak
  9085 | D:9      | Found a staircase to the Orcish Mines.
  9085 | D:9      | XOM: 1-stop teleportation journey
  9092 | D:9      | XOM: butterfly on damage
  9213 | D:9      | Reached skill level 5 in Fighting
  9213 | D:9      | Reached XP level 10. HP: 62/66 MP: 11/11
  9231 | D:9      | XOM: enchant monster (bad)
  9487 | D:9      | Noticed a death yak
  9487 | D:9      | Noticed a death yak
  9487 | D:9      | Noticed a death yak
  9605 | D:9      | Found a staircase to the Lair.
  9662 | D:9      | Noticed a death yak
  9663 | D:9      | Noticed a death yak
  9663 | D:9      | Noticed a death yak
  9798 | D:9      | XOM: harmless Ice miscast
  9849 | D:9      | XOM: stat loss: -1 Str (11/12)
  9865 | D:8      | XOM: polymorph orc warrior -> yak
  9959 | D:8      | XOM: noise
 10176 | D:8      | XOM: summons 2 hostile shadow creatures
 10328 | D:9      | XOM: enchant monster (good)
 10367 | D:9      | XOM: summons 4 friendly demons
 10380 | D:9      | XOM: enchant monster (bad)
 10388 | D:9      | XOM: summons 8 friendly demons
 10390 | D:9      | XOM: silly message
 10401 | D:9      | Killed a death yak
 10437 | D:9      | XOM: 1-stop teleportation journey
 10451 | D:9      | XOM: smoke on damage
 10452 | D:9      | XOM: smoke on damage
 10468 | D:9      | Noticed a death yak
 10600 | D:10     | Entered Level 10 of the Dungeon
 10744 | D:10     | Found a runed translucent gate.
 10768 | D:10     | Found a runed translucent gate.
 10768 | D:10     | Found a runed translucent gate.
 10781 | D:10     | Noticed Iskender's ghost (novice OpCK)
 10802 | D:10     | Found Oviebif's Armour Boutique.
 10819 | D:10     | Found Diutzown's Jewellery Boutique.
 10994 | D:10     | Found Saoxaf's Weapon Shoppe.
 11089 | D:10     | XOM: polymorph killer bee -> worm
 11113 | D:10     | XOM: 1-stop teleportation journey
 11123 | D:10     | Found Zimmi's Jewellery Shoppe.
 11123 | D:10     | XOM: summons 1 hostile shadow creature
 11139 | D:10     | XOM: 1-stop teleportation journey
 11157 | D:10     | XOM: 1-stop teleportation journey
 11241 | D:10     | Found Utismic's Magic Scroll Boutique.
 11249 | D:10     | Bought a scroll of identify for 24 gold pieces
 11249 | D:10     | Bought a scroll of identify for 24 gold pieces
 11275 | D:10     | Bought a scroll of identify for 24 gold pieces
 11275 | D:10     | Bought a scroll of identify for 24 gold pieces
 11278 | D:10     | Bought a scroll of identify for 24 gold pieces
 11308 | D:10     | XOM: polymorph ice beast -> rime drake
 11439 | D:9      | XOM: harmless Conj miscast
 11657 | D:10     | XOM: 4-stop teleportation journey
 11681 | D:10     | XOM: enchant monster (good)
 11708 | D:10     | XOM: scenery: create altars
 11781 | D:10     | Learned a level 1 spell: Magic Dart
 11911 | D:11     | Noticed a two-headed ogre
 11926 | D:11     | XOM: confuse monster(s)
 11933 | D:11     | Killed a two-headed ogre
 11933 | D:11     | Reached XP level 11. HP: 64/75 MP: 11/11
 11946 | D:11     | XOM: summons friendly crimson imp
 12336 | D:11     | XOM: give mutations
 12336 | D:11     | Gained mutation: You are robust. (+10% HP) [Xom's grace]
 12336 | D:11     | Gained mutation: You expend magic power (3 MP) to
                  | strengthen your wands. [Xom's grace]
 12336 | D:11     | Gained mutation: Your mind is very acute. (Int +4) [Xom's
                  | grace]
 12365 | D:11     | XOM: mild Air miscast
 12386 | D:11     | Learned a level 2 spell: Searing Ray
 12446 | D:11     | XOM: enchant monster (good)
 12455 | D:11     | XOM: severe Summ miscast
 12456 | D:11     | Noticed a worldbinder
 12456 | D:11     | Noticed a worldbinder
 12496 | D:11     | XOM: mild Fire miscast
 12657 | D:11     | XOM: give mutations
 12657 | D:11     | Lost mutation: You have supernaturally acute eyesight.
                  | (SInv) [Xom's mischief]
 12657 | D:11     | Gained mutation: Scrolls take you a little longer to read.
                  | [Xom's mischief]
 12657 | D:11     | Lost mutation: You are robust. (+10% HP) [Xom's mischief]
 12720 | D:11     | XOM: cleaving
 12728 | D:11     | XOM: noise
 12730 | D:11     | XOM: noise
 12841 | D:11     | XOM: noise
 12882 | D:11     | XOM: mild Hex miscast
 12968 | D:12     | Noticed a cyclops
 13027 | Lair:1   | Entered Level 1 of the Lair of Beasts
 13185 | Lair:1   | Reached skill level 5 in Conjurations
 13300 | Lair:1   | XOM: god gift: 20 stones
 13317 | Lair:1   | Upgraded the game from 0.24.0 to 0.24.0-1-gfbc8707122
 13372 | Lair:1   | XOM: polymorph hippogriff -> tarantella
 13414 | Lair:1   | XOM: swap monsters
 13415 | Lair:1   | Noticed Grum
 13415 | Lair:1   | XOM: summons friendly shadow imp
 13420 | Lair:1   | XOM: noise
 13515 | Lair:1   | XOM: enchant monster (bad)
 13554 | Lair:1   | Killed Grum
 13625 | Lair:1   | XOM: divination: detect creatures
 13785 | Lair:1   | Learned a level 4 spell: Iskenderun's Mystic Blast
 13810 | Lair:1   | XOM: summons 3 hostile demons
 14025 | Lair:1   | XOM: medium Hex miscast
 14104 | Lair:1   | XOM: potion effect (haste)
 14105 | Lair:1   | XOM: mild Summ miscast
 14118 | Lair:1   | XOM: summons 6 friendly demons
 14184 | Lair:1   | XOM: cloud trail
 14461 | Lair:2   | Noticed a six-headed hydra
 14600 | Lair:2   | XOM is BORED!
 14600 | Lair:2   | XOM: medium Air miscast
 14947 | Lair:2   | XOM: enchant monster (good)
 14990 | Lair:2   | XOM: cast spell 'Discord'
 15236 | Lair:2   | XOM: divination: detect items
 15450 | Lair:1   | Reached XP level 12. HP: 81/81 MP: 8/14
 15586 | Lair:2   | XOM: polymorph komodo dragon -> salamander
 15865 | Lair:2   | XOM: confuse monster(s)
 15880 | Lair:2   | Killed a six-headed hydra
 15880 | Lair:2   | Reached skill level 10 in Conjurations
 15924 | Lair:2   | XOM: god gift: 14 arrows
 16019 | Lair:2   | XOM: smoke on damage
 16107 | Lair:2   | XOM: 4-stop teleportation journey
 16228 | Lair:3   | XOM: cast spell 'Summon Butterflies'
 16244 | Lair:3   | XOM: enchant monster (good)
 16308 | Lair:3   | XOM: enchant monster (good)
 16311 | Lair:3   | XOM: draining
 16313 | Lair:3   | XOM: summons 3 hostile shadow creatures
 16314 | Lair:3   | Noticed a catoblepas
 16314 | Lair:3   | Noticed a seven-headed hydra
 16315 | Lair:3   | Reached skill level 5 in Spellcasting
 16331 | Lair:3   | XOM: 1-stop teleportation journey
 16332 | Lair:3   | Noticed a six-headed hydra
 16560 | Lair:2   | XOM: medium Erth miscast
 16671 | Lair:3   | XOM: cast spell 'Necromutation'
 16678 | Lair:3   | XOM: divine lightning
 17533 | Lair:3   | XOM: 3-stop teleportation journey
 17574 | Lair:3   | Found a staircase to the Shoals.
 17671 | Lair:3   | XOM: medium Tloc miscast
 17671 | Lair:3   | Cast into level 3 of the Abyss (the capriciousness of Xom)
 17711 | Abyss:3  | Noticed a starcursed mass
 17773 | Abyss:3  | Reached skill level 5 in Stealth
 17813 | Abyss:3  | XOM: destruction
 17820 | Abyss:3  | XOM: polymorph large abomination -> large abomination
 17824 | Abyss:3  | XOM: god gift: potion of cancellation
 17872 | Abyss:3  | XOM: scenery: create altars
 17896 | Abyss:3  | Noticed a green death
 17915 | Abyss:3  | XOM: fog
 18105 | Abyss:3  | Noticed a starcursed mass
 18117 | Abyss:3  | XOM: summons 2 friendly demons
 18117 | Abyss:3  | HP: 3/81 [six-headed hydra zombie (7)]
 18122 | Abyss:3  | Noticed a daeva
 18133 | Abyss:3  | Noticed a tentacled starspawn
 18136 | Abyss:3  | Noticed a bone dragon
 18180 | Abyss:3  | Noticed a wretched star
 18181 | Abyss:3  | Xom revived you
 18193 | Abyss:3  | XOM: summons 10 friendly demons
 18200 | Abyss:3  | XOM: confuse monster(s)
 18224 | Abyss:3  | Killed a wretched star
 18259 | Abyss:3  | Noticed a thrashing horror
 18259 | Abyss:3  | Noticed a thrashing horror
 18260 | Abyss:3  | Noticed a thrashing horror
 18268 | Abyss:3  | XOM: god gift: 6 rations
 18269 | Abyss:3  | Slain by a thrashing horror

Levels and vault maps discovered:
D:1:      ldierk_water_garden, layout_rooms, grunt_decor_mini_mirrors,
          minmay_distorted
D:2:      layout_loops_corners, lightli_temple_of_fire,
          minmay_misc_feat_encased, st_stairs_14, minivault_14
D:3:      minmay_diamond_boxcup, layout_basic
D:4:      layout_cave_pools, first_ration, nicolae_underground_beach
D:5:      layout_loops_corners, gammafunk_ghost_grave, serial_glass,
          glass_columns_b, glass_columns_a, serial_shops, kennysheep_little_box
D:6:      layout_loops_cross, amethyst_overflow_temple_binary,
          minmay_temple_entry_mist, uniq_pikel, uniq_edmund,
          uniq_crazy_yiuf_cottage
D:7:      layout_loops_ring, zin_purify
D:8:      layout_basic, uniq_joseph
D:9:      layout_irregular_city, dpeg_lair_monsters, david_orc_3, enter_bailey_7
D:10:     layout_loops_ring, serial_shops,
          nicolae_shop_temple_entry_statues_fountains, shop_statue, shop_coins,
          nicolae_shop_behind_doors, shop, gammafunk_ghost_split
D:11:     layout_basic, serial_glass, glass_columns_b, glass_columns_a
D:12:     layout_rooms, hangedman_little_slice_of_home
Temple:   nicolae_temple_no_exploring_needed
Lair:1:   layout_cave_pods, chequers_serial_rivers_micro_c, grunt_megastairs_5,
          uniq_grum
Lair:2:   layout_cave_shapes
Lair:3:   layout_roguey, elwin_shoals_entry_rocks, lemuel_old_faithful
Abyss:3:  gammafunk_corrupted_shrine, hangedman_abyss_or_decor_slice,
          evilmike_abyss_exit_plants, evilmike_abyss_rune_siren_acolytes,
          grunt_abyss_rune_forest_and_sorcery

Skill      XL: |  1  2  3  4  5  6  7  8  9 10 11 12 |
---------------+-------------------------------------+-----
Stealth        | 2 3 4 9 |  9.0
Shields        | 2 4 |  4.0
Dodging        | 5 8 9 10 11 | 11.3
Spellcasting   | 1 2 5 |  5.0
Summonings     | 1 |  1.2
Necromancy     | 1 |  1.2
Translocations | 1 |  1.2
Polearms       | 6 8 |  8.4
Fighting       | 5 7 |  7.0
Conjurations   | 2 9 11 | 11.0

Action                   |  1- 3 |  4- 6 |  7- 9 | 10-12 || total
-------------------------+-------+-------+-------+-------++-------
Melee: Spear             |    85 |   166 |   286 |   722 ||  1259
       Tentacles         |     6 |    20 |    51 |   120 ||   197
       Constrict         |    18 |    41 |    56 |    68 ||   183
       War axe           |       |     6 |       |       ||     6
       Staff             |       |       |       |    28 ||    28
       Hand axe          |       |       |       |     3 ||     3
 Fire: Hunting sling     |       |    37 |     6 |       ||    43
       Shortbow          |       |       |    25 |       ||    25
       Hand crossbow     |       |       |     8 |     9 ||    17
Throw: Stone             |     1 |     4 |       |       ||     5
       Boomerang         |       |     4 |     1 |    11 ||    16
       Dart              |       |       |     5 |     8 ||    13
 Cast: Animate Skeleton  |       |       |    24 |    60 ||    84
       Summon Small Mamm |       |       |     1 |     9 ||    10
       Magic Dart        |       |       |       |   144 ||   144
       Searing Ray       |       |       |       |    22 ||    22
       Iskenderun's Myst |       |       |       |    41 ||    41
       Apportation       |       |       |       |     7 ||     7
Evoke: Wand              |       |       |    16 |    10 ||    26
       Box of beasts     |       |       |       |     2 ||     2
  Use: Scroll            |     5 |     3 |     3 |    19 ||    30
       Potion            |       |     5 |     2 |    14 ||    21
 Stab: Sleeping          |    12 |    15 |     7 |     6 ||    40
       Paralysed         |     1 |       |     7 |    12 ||    20
       Distracted        |       |     1 |       |     6 ||     7
       Invisible         |       |       |     2 |       ||     2
       Confused          |       |       |     1 |     5 ||     6
  Eat: Chunk             |     2 |    10 |    12 |    26 ||    50
       Ration            |       |       |     1 |     7 ||     8
Armor: Skin              |     3 |     3 |     6 |    24 ||    36
Dodge: Dodged            |    27 |    42 |   107 |   337 ||   513
Block: Shield            |     2 |    37 |    20 |       ||    59
       Buckler           |       |       |    31 |   134 ||   165
